[Event "Titled Tuesday Blitz January 03 Early 2023"]
[White "Turzo, Attila"]
[Black "Babikov, Ivan"]
[WhiteFideId "704954"]
[BlackFideId "4161106"]
[WhiteElo "2279"]
[BlackElo "2239"]
[Result "1/2-1/2"]
[Round "08"]
[TimeControl "180+2"]
[Date "2023.01.03"]
[WhiteClock "0:00:07"]
[BlackClock "0:00:03"]

1. d4 d5 2. Bf4 Nf6 3. e3 e6 4. Nf3 c5 5. c3 Nc6 6. Nbd2 Qb6 7. Qb3 c4 8. Qc2 Be7 9. e4 O-O 10. e5 Nd7 11. Bg5 h6 12. Bxe7 Nxe7 13. b3 cxb3 14. axb3 a5 15. Bd3 Qc7 16. O-O b6 17. c4 Bb7 18. Rfc1 Rac8 19. Qd1 Qb8 20. Qe2 Rfd8 21. Nf1 Nf8 22. N1d2 Nfg6 23. Qe3 Nf8 24. h4 Ba8 25. h5 dxc4 26. bxc4 Nc6 27. Ne4 Nh7 28. Nd6 Rc7 29. d5 exd5 30. cxd5 Nb4 31. Bxh7+ Kxh7 32. Rxc7 Qxc7 33. Nb5 Qd7 34. Qxb6 Nxd5 35. Qxa5 Bc6 36. Nbd4 Ra8 37. Qe1 Rxa1 38. Qxa1 Nf4 39. Qb1+ Kh8 40. Qb8+ Kh7 41. Qd6 Qxd6 42. exd6 Bd7 43. Ne5 Be6 44. d7 Bxd7 45. Nxd7 Nxh5 46. Ne5 f6 47. Ng4 Nf4 48. Nh2 Nd5 49. f3 Nf4 50. Kf2 Nd5 51. g3 Nc3 52. Ke3 Nd1+ 53. Kd2 Nb2 54. Ng4 Nc4+ 55. Kd3 Nd6 56. Ne2 Nf5 57. Ne3 Nd6 58. Kd4 Nf7 59. f4 Nd6 60. Kd5 Nf7 61. Ke6 Nd8+ 62. Kd7 Nf7 63. Nd4 Kg6 64. Ke7 Nh8 65. Ne6 h5 66. f5+ Kh6 67. Nf4 h4 68. gxh4 Kh7 69. Kf8 Kh6 70. Ng4+ Kh7 71. h5 Nf7 72. Kxf7 Kh8 73. h6 Kh7 74. hxg7 1/2-1/2


[Site "https://www.chess.com"]

[Event "Titled Tuesday Blitz January 03 Early 2023"]
[White "Shubenkova, Veronika"]
[Black "Mendez Fortes, Eduardo Jesus"]
[WhiteFideId "44124040"]
[BlackFideId "3502376"]
[WhiteElo "1960"]
[BlackElo "2250"]
[Result "0-1"]
[Round "08"]
[TimeControl "180+2"]
[Date "2023.01.03"]
[WhiteClock "0:00:04"]
[BlackClock "0:00:21"]

1. e4 e5 2. Nf3 Nc6 3. Bb5 Nf6 4. Bxc6 dxc6 5. O-O Nxe4 6. Re1 Nd6 7. Nxe5 Be7 8. d4 O-O 9. c3 Be6 10. Nd2 Re8 11. Ndf3 Bf8 12. Bf4 f6 13. Nd3 Bf7 14. Qc2 b6 15. Rxe8 Qxe8 16. Re1 Qd7 17. Bxd6 cxd6 18. Qd2 d5 19. Nf4 Bd6 20. Ne2 Bh5 21. Ng3 Bg6 22. Nh4 Bf7 23. Nhf5 Bf8 24. h4 Re8 25. h5 Be6 26. Qf4 Bf7 27. Rxe8 Qxe8 28. h6 g6 29. Nd6 Qb8 30. Ngf5 Be6 31. Qg3 Qd8 32. b3 Qd7 33. Ng7 Bxd6 34. Qe3 Bf7 35. f4 Bf8 36. f5 Bxg7 37. fxg6 Bxg6 38. hxg7 Kxg7 39. Qf4 Qe7 40. Kh2 c5 41. Qb8 Be4 42. Qg3+ Bg6 43. Qb8 f5 44. Qf4 c4 45. bxc4 dxc4 46. Qb8 Qh4+ 47. Kg1 f4 48. Qxa7+ Kh6 49. Qb8 Qg5 50. Qf8+ Kh5 51. Qc8 Qg4 52. Qc6 f3 53. Qd5+ Kh4 54. Qd8+ Qg5 55. g3+ Kh5 56. Qd6 Qe3+ 57. Kh2 Qf2+ 58. Kh3 Qg2# 0-1


[Site "https://www.chess.com"]

[Event "Titled Tuesday Blitz January 03 Early 2023"]
[White "Nathan, Nitish"]
[Black "Iljin, Timofey"]
[WhiteFideId "30927870"]
[BlackFideId "14110180"]
[WhiteElo "2071"]
[BlackElo "2329"]
[Result "1-0"]
[Round "08"]
[TimeControl "180+2"]
[Date "2023.01.03"]
[WhiteClock "0:01:36"]
[BlackClock "0:00:33"]

1. d4 f5 2. Bf4 Nf6 3. e3 g6 4. h3 Bg7 5. Nf3 O-O 6. Bc4+ Kh8 7. O-O Qe8 8. Bb3 d6 9. c4 Nc6 10. Nc3 e5 11. Bh2 e4 12. Nd2 h6 13. a3 g5 14. Bc2 Bd7 15. b4 a6 16. c5 Qe7 17. Nc4 d5 18. Ne5 Nxe5 19. dxe5 Nh7 20. Nxd5 Qd8 21. e6 Bxe6 22. Nxc7 Qf6 23. Nxa8 Rxa8 24. Rc1 Bc4 25. Re1 Rd8 26. Bd6 f4 27. Bxe4 fxe3 28. Rxe3 b5 29. Bxh7 Kxh7 30. Qc2+ Kh8 31. Be5 Qf7 32. Bxg7+ Qxg7 33. Qc3 Qxc3 34. Rcxc3 Kg7 35. Re7+ Kf6 36. Ra7 Ke5 37. Rxa6 Kd5 38. Rd6+ Rxd6 39. cxd6 Kxd6 40. a4 Kc6 41. axb5+ Kxb5 42. Rf3 Kxb4 43. Rf6 h5 44. Rf5 g4 45. Rxh5 gxh3 46. Rxh3 Kc5 47. Rc3 Kd5 48. Rxc4 Kxc4 49. g4 Kd5 50. Kg2 Ke5 51. Kg3 Kf6 52. f4 Kg6 53. Kh4 Kf6 54. Kh5 Kg7 55. Kg5 Kf7 56. Kh6 Kf6 57. g5+ Kf7 58. Kh7 Kf8 59. g6 Ke7 60. g7 Kf6 61. g8=Q Kf5 62. Qg5+ Ke4 63. Qe5+ Kd3 64. f5 Kc4 65. f6 Kd3 66. f7 Kc4 67. f8=R Kb3 68. Rc8 Kb4 69. Qc7 Kb3 70. Rb8+ Ka2 71. Qa7# 1-0


[Site "https://www.chess.com"]

[Event "Titled Tuesday Blitz January 03 Early 2023"]
[White "Slade, Theodore"]
[Black "Kaminski, Victor"]
[WhiteFideId "426547"]
[BlackFideId "1131630"]
[WhiteElo "1995"]
[BlackElo "2247"]
[Result "1-0"]
[Round "08"]
[TimeControl "180+2"]
[Date "2023.01.03"]
[WhiteClock "0:01:08"]
[BlackClock "0:00:06"]

1. d4 d5 2. c4 e6 3. Nf3 Nf6 4. g3 dxc4 5. Bg2 a6 6. O-O Nc6 7. e3 Be7 8. Nfd2 Na5 9. Qa4+ c6 10. b4 b5 11. Qxa5 Qxa5 12. bxa5 Bd7 13. Ba3 Bd8 14. Nc3 Bxa5 15. Nde4 b4 16. Nd6+ Ke7 17. Nxc4 bxa3 18. Nxa5 Rhc8 19. Na4 Rab8 20. Rab1 Rb5 21. Rxb5 cxb5 22. Nc5 Be8 23. Bb7 Rc7 24. Bxa6 Nd5 25. Rb1 Nc3 26. Rb3 Nxa2 27. Rxa3 Nb4 28. Bxb5 Bxb5 29. Rb3 Ra7 30. Ncb7 Nc6 31. Rxb5 Kd7 32. Nc5+ Kd6 33. Nxc6 Kxc6 34. Rb8 Kd5 35. Rd8+ 1-0


[Site "https://www.chess.com"]

[Event "Titled Tuesday Blitz January 03 Early 2023"]
[White "Kvaloy, Aksel Bu"]
[Black "Coelho, Ramyres Santana"]
[WhiteFideId "1528815"]
[BlackFideId "2120690"]
[WhiteElo "2321"]
[BlackElo "1981"]
[Result "1-0"]
[Round "08"]
[TimeControl "180+2"]
[Date "2023.01.03"]
[WhiteClock "0:00:22"]
[BlackClock "0:00:03"]

1. d4 Nf6 2. c4 g6 3. g3 Bg7 4. Bg2 d5 5. cxd5 Nxd5 6. Nf3 O-O 7. O-O e6 8. e4 Nb6 9. Bg5 Bf6 10. Bxf6 Qxf6 11. Nc3 Nc6 12. e5 Qe7 13. h4 Rd8 14. Qd2 Nc4 15. Qh6 Qf8 16. Qf4 Nxb2 17. Ne4 Nd3 18. Nf6+ Kg7 19. Qe3 Ndb4 20. h5 Nd5 21. h6+ Kh8 22. Qg5 Nxf6 23. Qxf6+ Kg8 24. Rac1 Bd7 25. Ng5 Nxd4 26. Rfe1 Be8 27. Rxc7 Rd7 28. Rxd7 Bxd7 29. Bxb7 Rb8 30. Be4 Be8 31. Kg2 Nf5 32. Bxf5 exf5 33. e6 Bc6+ 34. f3 Qxh6 35. exf7+ Kf8 36. Ne6# 1-0


[Site "https://www.chess.com"]

[Event "Titled Tuesday Blitz January 03 Early 2023"]
[White "Rangel, Daniel"]
[Black "Gutierrez Anaya, Yeison Joel"]
[WhiteFideId "2124475"]
[BlackFideId "3903273"]
[WhiteElo "2207"]
[BlackElo "2125"]
[Result "0-1"]
[Round "08"]
[TimeControl "180+2"]
[Date "2023.01.03"]
[WhiteClock "0:00:51"]
[BlackClock "0:01:12"]

1. d4 Nf6 2. c4 g6 3. Nc3 d5 4. Bf4 Bg7 5. e3 O-O 6. Rc1 c5 7. dxc5 Be6 8. Nf3 dxc4 9. Qxd8 Rxd8 10. Nd2 Na6 11. Bxc4 Bxc4 12. Nxc4 Nxc5 13. Ke2 Nd3 14. Rc2 Rac8 15. b3 Nxf4+ 16. exf4 a6 17. a4 Nd5 18. Nxd5 Rxd5 19. Rd1 Rd4 20. Rxd4 Bxd4 21. Rd2 Bf6 22. a5 Rc5 23. Kd3 Rb5 24. Kc2 g5 25. fxg5 Bxg5 26. Rd7 e6 27. Rxf7 Kxf7 28. Nd6+ Ke7 29. Nxb5 axb5 30. Kc3 Kd6 31. Kb4 Kc6 32. Kc3 Bf6+ 33. Kd3 Kc5 34. f4 Kb4 35. Kc2 Kxa5 36. g4 Kb4 37. g5 Be7 38. h4 Bd6 39. h5 Bxf4 40. g6 hxg6 41. hxg6 Bh6 42. Kd3 Kxb3 43. Ke4 Kc4 44. Ke5 Bg7+ 45. Kxe6 Bd4 46. Kf7 b4 47. Kg8 b3 48. Kf7 b2 49. g7 Bxg7 0-1


[Site "https://www.chess.com"]

[Event "Titled Tuesday Blitz January 03 Early 2023"]
[White "Demchenko, Anton"]
[Black "Mikhalsky, Vladimir"]
[WhiteFideId "4160258"]
[BlackFideId "14144352"]
[WhiteElo "2623"]
[BlackElo "2219"]
[Result "1-0"]
[Round "08"]
[TimeControl "180+2"]
[Date "2023.01.03"]
[WhiteClock "0:00:52"]
[BlackClock "0:00:06"]

1. Nf3 c5 2. g3 Nc6 3. Bg2 e5 4. O-O d5 5. d3 f6 6. e4 d4 7. c3 Be6 8. cxd4 cxd4 9. a3 Qd7 10. b4 Bd6 11. Nbd2 Nge7 12. Nc4 Bc7 13. Ne1 O-O 14. Bd2 b5 15. Na5 Nxa5 16. bxa5 Nc6 17. a6 Qc8 18. f4 Qxa6 19. f5 Bf7 20. g4 Ba5 21. g5 Bxd2 22. Qxd2 Qa5 23. Qf2 fxg5 24. Qg3 Qd8 25. Nf3 Qf6 26. Nxg5 Rac8 27. Bh3 Nd8 28. Ne6 Re8 29. Nxg7 Qxg7 30. Qxg7+ Kxg7 31. f6+ Kh6 32. Bxc8 Ne6 33. Bxe6 Rxe6 34. Ra2 Rc6 35. Rg2 a5 36. Rf3 Rc1+ 37. Kf2 Rc2+ 38. Kg3 Rxg2+ 39. Kxg2 b4 40. axb4 axb4 41. Rf5 Kg6 42. Rxe5 Kxf6 43. Rf5+ Ke7 44. Rb5 b3 45. Rb7+ Kf6 46. Kf3 Bh5+ 47. Kf4 Bf7 48. Rb6+ Ke7 49. Ke5 Bg8 50. Rb7+ Kf8 51. Kxd4 Be6 52. Kc3 h5 53. Rh7 Kg8 54. Rxh5 1-0


[Site "https://www.chess.com"]

[Event "Titled Tuesday Blitz January 03 Early 2023"]
[White "Vysochin, Spartak"]
[Black "Khubukshanov, Erdem"]
[WhiteFideId "14103516"]
[BlackFideId "54114527"]
[WhiteElo "2512"]
[BlackElo "2382"]
[Result "1-0"]
[Round "08"]
[TimeControl "180+2"]
[Date "2023.01.03"]
[WhiteClock "0:00:58"]
[BlackClock "0:00:06"]

1. e4 c6 2. d4 d5 3. exd5 cxd5 4. Bd3 Nc6 5. c3 Nf6 6. h3 g6 7. Bf4 Bf5 8. Be2 h5 9. Nf3 e6 10. O-O Ne4 11. Bb5 Bd6 12. Ne5 Qc7 13. Qa4 O-O 14. Bxc6 bxc6 15. f3 Nc5 16. Qxc6 Qxc6 17. Nxc6 Bxf4 18. dxc5 Be3+ 19. Kh1 Bxc5 20. Nd2 Rfc8 21. Na5 Rab8 22. Ndb3 Bb6 23. Rfd1 Bxa5 24. Nxa5 Rxb2 25. g4 hxg4 26. hxg4 Bc2 27. Rd2 Rxc3 28. Rc1 Ba4 29. Rxc3 Rxd2 30. a3 Kg7 31. Nb7 d4 32. Rc7 Bd1 33. Nd6 Bxf3+ 34. Kg1 Bd5 35. g5 Rg2+ 36. Kf1 Rxg5 37. Rxf7+ Kh6 38. Rf8 e5 39. Kf2 Rg2+ 40. Kf1 Ra2 41. Re8 d3 42. Rxe5 d2 43. Rxd5 Ra1+ 44. Ke2 Rxa3 45. Kxd2 a5 46. Nc4 Ra2+ 47. Ke3 a4 48. Ra5 Rh2 49. Rxa4 Rh3+ 50. Kf4 Rh4+ 51. Ke5 g5 52. Ra6+ Kh5 53. Ne3 Rh3 54. Ke4 Rh4+ 55. Kf3 Rf4+ 56. Kg3 Re4 57. Nf5 g4 58. Ra5 Kg6 59. Nh4+ Kf6 60. Ng2 Ke6 61. Nf4+ Kd6 62. Kxg4 Re1 63. Kf5 Kc6 64. Ra2 Kd6 65. Rd2+ Kc5 66. Nd3+ Kd4 67. Nxe1+ Ke3 1-0


[Site "https://www.chess.com"]

[Event "Titled Tuesday Blitz January 03 Early 2023"]
[White "Korchmar, Vasiliy"]
[Black "Najdin, Danil"]
[WhiteFideId "24131750"]
[BlackFideId "4172426"]
[WhiteElo "2438"]
[BlackElo "2235"]
[Result "1-0"]
[Round "08"]
[TimeControl "180+2"]
[Date "2023.01.03"]
[WhiteClock "0:01:48"]
[BlackClock "0:00:25"]

1. Nf3 Nf6 2. g3 g6 3. b3 Bg7 4. Bb2 O-O 5. Bg2 d6 6. O-O e5 7. c4 Nc6 8. Nc3 Bf5 9. d3 Qd7 10. Re1 Rfe8 11. e3 e4 12. Nh4 exd3 13. Nxf5 Qxf5 14. e4 Qh5 15. Bf3 Qh3 16. Bg2 Qh5 17. Qxd3 Ng4 18. h3 Nge5 19. Qe3 Nd7 20. Rad1 Qa5 21. Ba1 Nc5 22. Nd5 Bxa1 23. Rxa1 Nd7 24. h4 Nce5 25. b4 Qa4 26. Nxc7 Nxc4 27. Qd4 Nde5 28. Nxa8 Rxa8 29. f4 1-0


[Site "https://www.chess.com"]

[Event "Titled Tuesday Blitz January 03 Early 2023"]
[White "Liyanage, Ranindu Dilshan"]
[Black "Le Ruyet, Leopold"]
[WhiteFideId "9915834"]
[BlackFideId "645923"]
[WhiteElo "2342"]
[BlackElo "2245"]
[Result "1-0"]
[Round "08"]
[TimeControl "180+2"]
[Date "2023.01.03"]
[WhiteClock "0:01:28"]
[BlackClock "0:00:08"]

1. d4 Nf6 2. Nc3 d6 3. e4 e5 4. Nf3 Nbd7 5. Bc4 Be7 6. a4 a5 7. O-O O-O 8. h3 c6 9. Be3 h6 10. Qd2 Re8 11. Rfe1 exd4 12. Nxd4 Nf8 13. Rad1 Qc7 14. Ba2 Ne6 15. Nf5 Rd8 16. Bxh6 g6 17. Nd4 Qb6 18. Nxe6 Bxe6 19. Bxe6 fxe6 20. Qg5 Kf7 21. e5 dxe5 22. Qxe5 c5 23. Ne4 Rd5 24. Ng5+ Ke8 25. Rxd5 Nxd5 26. Nxe6 1-0


[Site "https://www.chess.com"]

[Event "Titled Tuesday Blitz January 03 Early 2023"]
[White "Avazkhonov, Alikhon"]
[Black "Ilkhomi, Jaloliddin"]
[WhiteFideId "14208504"]
[BlackFideId "14700948"]
[WhiteElo "1538"]
[BlackElo "1997"]
[Result "0-1"]
[Round "08"]
[TimeControl "180+2"]
[Date "2023.01.03"]
[WhiteClock "0:00:01"]
[BlackClock "0:00:57"]

1. d4 Nf6 2. c4 e6 3. Nc3 Bb4 4. e3 O-O 5. Bd2 c5 6. a3 Bxc3 7. Bxc3 b6 8. Qf3 d5 9. dxc5 Ne4 10. Rc1 bxc5 11. Bd3 Nxc3 12. Rxc3 Bb7 13. cxd5 Bxd5 14. Qh3 f5 15. Ne2 Nd7 16. O-O Ne5 17. Nf4 Rc8 18. Ba6 Rc6 19. Bb5 Rb6 20. Rxc5 Qd6 21. b4 Rxb5 22. Rxb5 Bc4 23. Rxe5 Bxf1 24. Rxe6 Qd1 25. Qf3 0-1


[Site "https://www.chess.com"]

[Event "Titled Tuesday Blitz January 03 Early 2023"]
[White "Ginzburg, Yakov"]
[Black "Moreno Perez, Tobias Sebastian"]
[WhiteFideId "4157176"]
[BlackFideId "186716"]
[WhiteElo "2405"]
[BlackElo "2256"]
[Result "1-0"]
[Round "08"]
[TimeControl "180+2"]
[Date "2023.01.03"]
[WhiteClock "0:00:03"]
[BlackClock "0:00:02"]

1. d4 d5 2. Nf3 Nf6 3. c4 c6 4. Nc3 dxc4 5. a4 Bf5 6. Ne5 Nbd7 7. Nxc4 Nb6 8. Nxb6 axb6 9. f3 e5 10. dxe5 Qxd1+ 11. Nxd1 Nd7 12. e4 Be6 13. f4 Nc5 14. Nc3 Nb3 15. Rb1 Bb4 16. Be3 Rxa4 17. Be2 Bc5 18. Bxc5 Nxc5 19. Nxa4 Nxa4 20. Kd2 Nc5 21. Ke3 Bb3 22. Rhc1 Ke7 23. Bc4 Rd8 24. Rc3 Bxc4 25. Rxc4 Rd3+ 26. Ke2 Rb3 27. f5 Nd7 28. Ra4 Nc5 29. Ra7 Kd7 30. Rd1+ Kc7 31. Rd2 Nxe4 32. Rd4 Rxb2+ 33. Kf3 Nc5 34. Ra8 Rb3+ 35. Kg4 Rd3 36. Rxd3 Nxd3 37. e6 fxe6 38. fxe6 Ne5+ 39. Kf5 Ng6 40. Re8 b5 41. Ke4 Kd6 42. Rg8 Ne7 43. Rxg7 Kxe6 44. Rxh7 b4 45. Rh6+ Kd7 46. Kd3 b5 47. g4 c5 48. Rb6 Nd5 49. Rxb5 c4+ 50. Kxc4 Ne3+ 51. Kxb4 Nxg4 52. h4 Ke6 53. Kc4 Kf6 54. Kd4 Kg6 55. Ke4 Nf2+ 56. Kf3 Nd3 57. Rd5 Nb4 58. Rg5+ Kh6 59. Ke4 Nc2 60. Rc5 Ne1 61. Rg5 Nc2 62. Rg2 Nb4 63. Rb2 Nc6 64. Rb6 1-0


[Site "https://www.chess.com"]

[Event "Titled Tuesday Blitz January 03 Early 2023"]
[White "Karttunen, Mika"]
[Black "Lorenzo De La Riva, Lazaro"]
[WhiteFideId "502081"]
[BlackFideId "2268809"]
[WhiteElo "2490"]
[BlackElo "2404"]
[Result "1-0"]
[Round "08"]
[TimeControl "180+2"]
[Date "2023.01.03"]
[WhiteClock "0:00:14"]
[BlackClock "0:00:20"]

1. e4 Nf6 2. e5 Nd5 3. d4 d6 4. c4 Nb6 5. f4 Bf5 6. Nc3 e6 7. Be3 Nc6 8. Nf3 Be7 9. Be2 dxe5 10. fxe5 O-O 11. O-O f6 12. exf6 Bxf6 13. Qd2 Qe8 14. Rad1 Rd8 15. Qc1 e5 16. d5 Nd4 17. Nxd4 exd4 18. Bxd4 Bxd4+ 19. Rxd4 Qg6 20. Rdf4 Nd7 21. Qe3 Rde8 22. Qxa7 Bd3 23. Rxf8+ Nxf8 24. Bxd3 Qxd3 25. Qf2 Qg6 26. Nb5 c6 27. Nd4 h6 28. dxc6 bxc6 29. Nf5 Ne6 30. Nd6 Ra8 31. a3 Rb8 32. b4 Ra8 33. Qe3 Rb8 34. c5 Ng5 35. h4 Ne6 36. Re1 Nc7 37. Qe4 Qf6 38. Qxc6 Qxh4 39. Qe4 Qf6 40. Rf1 Qc3 41. Qc4+ Qxc4 42. Nxc4 Nb5 43. Rd1 Re8 44. a4 Nc3 45. Ra1 Re4 46. Nd6 Rxb4 47. c6 Nd5 48. a5 Rb8 49. a6 Ra8 50. a7 Kf8 51. Nb5 Ke7 52. c7 Kd7 53. Rc1 Nb6 54. Rc5 Nc8 55. Kf2 Nxa7 56. Nxa7 Rxa7 57. c8=Q+ Kd6 58. Qb8+ Ke7 59. Qxa7+ 1-0


[Site "https://www.chess.com"]

[Event "Titled Tuesday Blitz January 03 Early 2023"]
[White "Odegov, Artem"]
[Black "Kaplan, Avi Harrison"]
[WhiteFideId "34183644"]
[BlackFideId "30934559"]
[WhiteElo "2261"]
[BlackElo "2146"]
[Result "0-1"]
[Round "08"]
[TimeControl "180+2"]
[Date "2023.01.03"]
[WhiteClock "0:00:18"]
[BlackClock "0:00:13"]

1. b3 e5 2. Bb2 d6 3. e3 c5 4. f4 Nc6 5. Nf3 e4 6. Ng5 f5 7. Bb5 Nf6 8. O-O Be7 9. d3 d5 10. dxe4 fxe4 11. Nc3 a6 12. Be2 h6 13. Bh5+ Kf8 14. Nf7 Qe8 15. Nxh8 Qxh5 16. Qxh5 Nxh5 17. Ng6+ Kf7 18. Nxe7 Kxe7 19. Nxd5+ Kf7 20. Rad1 Bg4 21. Rd2 Rd8 22. c4 Nb4 23. h3 Be6 24. g4 Nf6 25. Bxf6 gxf6 26. Rfd1 Nd3 27. Nc3 f5 28. gxf5 Bxf5 29. Kh2 Rd7 30. Rg1 Ke6 31. Nd5 Nb4 32. Rg8 Nd3 33. Rdg2 b5 34. Ra8 bxc4 35. bxc4 Kf7 36. Rxa6 Be6 37. Rc6 Ne1 38. Rg3 Nf3+ 39. Kg2 Nh4+ 40. Kf2 Nf3 41. Rxc5 Rb7 42. Rc7+ Rxc7 43. Nxc7 Bxc4 44. Rxf3 exf3 45. Kxf3 Ke7 46. a4 Kd7 47. Nb5 Bb3 48. Nc3 Kd6 49. e4 Kc5 50. Ke3 Kc4 51. Kd2 h5 52. e5 Kd4 53. a5 Bc4 54. a6 Bxa6 55. e6 Bc8 56. e7 Bd7 57. f5 Ke5 58. Nd5 Kxd5 59. Ke3 Ke5 60. Kf3 Kxf5 61. Kg3 Kf6 62. Kh4 Be8 63. Kg3 Kxe7 64. Kf4 Kf8 65. Kg5 Kg7 66. h4 Kh7 67. Kf5 Kh6 68. Kf6 Bg6 69. Ke6 Kg7 70. Ke7 Bf7 71. Kd6 Kg6 72. Ke5 Bg8 73. Kf4 Kf6 74. Ke4 Be6 75. Kf4 Bf5 76. Kf3 Ke5 77. Ke3 Bg4 78. Kf2 Kf5 79. Kg2 Bd1 80. Kg3 Ke4 81. Kh3 Kf4 82. Kh2 Kg4 83. Kg2 Kxh4 84. Kf2 Bg4 85. Kf1 Bc8 86. Kg2 Kg4 87. Kh2 h4 88. Kg2 h3+ 89. Kg1 Kg3 90. Kh1 Bb7+ 91. Kg1 h2+ 92. Kf1 h1=Q+ 93. Ke2 Qf3+ 94. Kd2 Be4 95. Kc1 Qc3+ 96. Kd1 Bf3# 0-1


[Site "https://www.chess.com"]

[Event "Titled Tuesday Blitz January 03 Early 2023"]
[White "Pinheiro, Iung Alicio de O."]
[Black "Mazurkiewicz, Michal"]
[WhiteFideId "2104350"]
[BlackFideId "1124943"]
[WhiteElo "2306"]
[BlackElo "2145"]
[Result "0-1"]
[Round "08"]
[TimeControl "180+2"]
[Date "2023.01.03"]
[WhiteClock "0:00:01"]
[BlackClock "0:00:03"]

1. d4 Nf6 2. c4 e5 3. dxe5 Ng4 4. Bf4 Nc6 5. Nf3 Bb4+ 6. Nbd2 Qe7 7. a3 Ngxe5 8. Nxe5 Nxe5 9. e3 Bc5 10. b4 Bd4 11. Rb1 Ng6 12. Bg3 d6 13. Be2 Be5 14. Bg4 Bxg4 15. Qxg4 O-O 16. O-O f5 17. Qh5 f4 18. exf4 Nxf4 19. Bxf4 Rxf4 20. Nf3 g6 21. Qh3 Rxc4 22. Rfe1 Re8 23. Nxe5 dxe5 24. Re2 Qe6 25. Qe3 b6 26. Rbe1 c5 27. b5 Rd4 28. h3 Rd5 29. a4 Kg7 30. Qc3 Qf6 31. Re3 Rd4 32. Rf3 Rf4 33. Ree3 Rxf3 34. Rxf3 Qd6 35. Rd3 Qe6 36. Qd2 Re7 37. Rd6 Qf5 38. Rd8 e4 39. Qc3+ Qe5 40. Qxe5+ Rxe5 41. Rd7+ Kf6 42. Rxa7 Re6 43. Rxh7 Ke5 44. Rd7 Rd6 45. Rxd6 Kxd6 46. Kf1 Kd5 47. Ke2 Kc4 48. h4 Kb3 49. g4 c4 50. h5 gxh5 51. gxh5 c3 52. h6 c2 53. h7 c1=Q 54. h8=Q Qc2+ 55. Kf1 Qc4+ 56. Kg1 Kxa4 57. Qb2 Qb4 58. Qc2+ Kxb5 59. Qe2+ Ka4 60. Qa6+ Kb3 61. Qe2 b5 62. Qe3+ Ka4 63. Qa7+ Kb3 64. Qe3+ Ka2 65. Qe2+ Ka3 66. Qe3+ Ka4 67. Qc1 Qb3 68. Qa1+ Kb4 69. Qd4+ Ka5 70. Qxe4 b4 71. Qe5+ Kb6 72. Qd6+ Kb5 73. Qb8+ Kc4 74. Qg8+ Kc3 75. Qg3+ Kc2 76. Qg6+ Qd3 77. Qc6+ Kd2 78. Qh6+ Kc2 79. Qc6+ Kb2 80. Qf6+ Qc3 81. Qd6 b3 82. f4 Kb1 83. f5 b2 84. f6 Kc2 85. f7 b1=Q+ 86. Kg2 Qb7+ 87. Kh2 Qxf7 88. Qh6 Kb2 0-1


[Site "https://www.chess.com"]

[Event "Titled Tuesday Blitz January 03 Early 2023"]
[White "Andreev, Konstantin"]
[Black "Maevsky, Nikolay"]
[WhiteFideId "24239305"]
[BlackFideId "4198220"]
[WhiteElo "2195"]
[BlackElo "2277"]
[Result "0-1"]
[Round "08"]
[TimeControl "180+2"]
[Date "2023.01.03"]
[WhiteClock "0:00:03"]
[BlackClock "0:00:48"]

1. e4 g6 2. d4 Bg7 3. Nc3 d6 4. h4 Nf6 5. f3 h5 6. Be3 a6 7. Qd2 b5 8. O-O-O Nbd7 9. Nh3 Bb7 10. Ng5 Qc8 11. Kb1 e6 12. Be2 c5 13. dxc5 dxc5 14. Ka1 b4 15. Nb1 Qc6 16. c3 a5 17. a4 Qxa4+ 18. Na3 bxa3 19. b3 Qc6 20. Bd3 a4 21. bxa4 Rxa4 22. Rb1 c4 23. Bc2 Ra8 24. e5 Nxe5 25. Rb6 Qc7 26. Rhb1 Bd5 27. Bf4 Nfd7 28. Be4 Bxe4 29. fxe4 O-O 30. g4 Rab8 31. Rxb8 Rxb8 32. Rxb8+ Qxb8 33. gxh5 gxh5 34. Qg2 Qb5 35. Qe2 Nd3 36. Qd2 N7c5 0-1


[Site "https://www.chess.com"]

[Event "Titled Tuesday Blitz January 03 Early 2023"]
[White "Cnejev, Vladimir-Alexandru"]
[Black "Estrada Nieto, Julian"]
[WhiteFideId "1260898"]
[BlackFideId "5101018"]
[WhiteElo "2374"]
[BlackElo "2215"]
[Result "1-0"]
[Round "08"]
[TimeControl "180+2"]
[Date "2023.01.03"]
[WhiteClock "0:00:29"]
[BlackClock "0:00:03"]

1. e4 e5 2. Nf3 Nc6 3. Bb5 a6 4. Ba4 Nf6 5. O-O Be7 6. Re1 b5 7. Bb3 d6 8. c3 O-O 9. h3 Bb7 10. d4 Re8 11. Nbd2 Bf8 12. Bc2 h6 13. d5 Nb8 14. b3 c6 15. c4 Nbd7 16. Nf1 bxc4 17. bxc4 Nc5 18. Rb1 a5 19. Ba3 Ba6 20. Bxc5 dxc5 21. Ba4 cxd5 22. Bxe8 Qxe8 23. cxd5 c4 24. Qc2 Bb4 25. Red1 Nd7 26. Ne3 Rc8 27. Rdc1 Ba3 28. Rd1 Bc5 29. Qc3 Bb4 30. Rxb4 axb4 31. Qxb4 Nc5 32. Nxc4 Nxe4 33. Ncxe5 Nc3 34. Rd2 f6 35. d6 Bb5 36. d7 Bxd7 37. Nxd7 Ne2+ 38. Kh2 1-0


[Site "https://www.chess.com"]

[Event "Titled Tuesday Blitz January 03 Early 2023"]
[White "Ronka, Erik"]
[Black "Buscar, Michael"]
[WhiteFideId "505080"]
[BlackFideId "2603616"]
[WhiteElo "2276"]
[BlackElo "2041"]
[Result "1-0"]
[Round "08"]
[TimeControl "180+2"]
[Date "2023.01.03"]
[WhiteClock "0:00:39"]
[BlackClock "0:00:10"]

1. e4 c5 2. a3 Nf6 3. e5 Nd5 4. d4 cxd4 5. Qxd4 Nc7 6. Nf3 Nc6 7. Qe4 d5 8. exd6 Qxd6 9. Bf4 Qe6 10. Nc3 Qxe4+ 11. Nxe4 Nd5 12. Bd2 Bf5 13. Bd3 e6 14. Nh4 Bg4 15. h3 Bh5 16. g4 Bg6 17. Nxg6 hxg6 18. c4 Nf6 19. O-O-O Rd8 20. Bc3 Be7 21. f3 Nd4 22. Nxf6+ Bxf6 23. f4 Nb3+ 24. Kc2 Bxc3 25. Kxc3 Nc5 26. Bc2 Rxd1 27. Rxd1 Rxh3+ 28. Kd4 b6 29. b4 Nb7 30. a4 Rh4 31. Be4 Nd6 32. Bf3 Rh3 33. Bc6+ Ke7 34. c5 bxc5+ 35. bxc5 Ne8 36. Rb1 Nf6 37. Rb7+ Kd8 38. g5 Nh5 39. Rxf7 Rh4 40. Ke5 Kc8 41. Be4 Rh2 42. c6 Re2 43. Kd4 Ng3 44. Bxg6 Rd2+ 45. Ke3 Rd1 46. Rxg7 Rc1 47. Rxa7 Rxc6 48. Bd3 Rb6 49. g6 e5 50. fxe5 Nh5 51. g7 Nxg7 52. Rxg7 Re6 53. Bf5 1-0


[Site "https://www.chess.com"]

[Event "Titled Tuesday Blitz January 03 Early 2023"]
[White "Novikova, Galina"]
[Black "Girsh, Daniel"]
[WhiteFideId "4157095"]
[BlackFideId "30949190"]
[WhiteElo "2073"]
[BlackElo "2123"]
[Result "1-0"]
[Round "08"]
[TimeControl "180+2"]
[Date "2023.01.03"]
[WhiteClock "0:01:05"]
[BlackClock "0:00:32"]

1. d4 Nf6 2. Nc3 d5 3. Bf4 e6 4. Nb5 Na6 5. c3 c6 6. Na3 Bxa3 7. bxa3 Qa5 8. Nf3 Qxc3+ 9. Bd2 Qxa3 10. e3 O-O 11. Be2 c5 12. O-O c4 13. Ne5 Nd7 14. f4 Nxe5 15. fxe5 Bd7 16. e4 Ba4 17. Qe1 Rac8 18. Rf3 Qb2 19. Bc3 Qc2 20. exd5 exd5 21. Rc1 Qe4 22. Qf2 f5 23. Rf4 Rc6 24. Rxe4 fxe4 25. Qg3 Rg6 26. Qh4 Nc7 27. Rf1 Re8 28. Bh5 Rh6 29. Qf4 g6 30. Qxh6 1-0


[Site "https://www.chess.com"]

[Event "Titled Tuesday Blitz January 03 Early 2023"]
[White "Mei, Austin"]
[Black "Md, Imran"]
[WhiteFideId "30948479"]
[BlackFideId "25748580"]
[WhiteElo "2218"]
[BlackElo "2284"]
[Result "0-1"]
[Round "08"]
[TimeControl "180+2"]
[Date "2023.01.03"]
[WhiteClock "0:00:14"]
[BlackClock "0:00:51"]

1. e4 c5 2. Nf3 Nc6 3. d4 cxd4 4. Nxd4 g6 5. c4 Bg7 6. Be3 Qb6 7. Nb3 Qb4+ 8. Bd2 Qb6 9. Nc3 Nf6 10. Be2 O-O 11. O-O d6 12. Be3 Qd8 13. Rc1 b6 14. f3 Nd7 15. Qd2 Bb7 16. Nd5 Nc5 17. Rfd1 a5 18. Na1 a4 19. Rb1 Ba6 20. Nc2 Be5 21. Bh6 e6 22. Nde3 Bxh2+ 23. Kxh2 Qh4+ 24. Kg1 Qxh6 25. Qxd6 Bb7 26. Ng4 Qg7 27. Qf4 f5 28. exf5 gxf5 29. Nf2 e5 30. Qh4 Rad8 31. Ne3 Nd4 32. Kf1 Nxe2 33. Kxe2 Ne6 34. Nd5 Nd4+ 35. Kf1 Rd6 36. Ne3 Rh6 37. Rxd4 exd4 38. Qf4 dxe3 39. Qxe3 Rg6 40. Re1 Rxg2 41. Qe6+ Kh8 42. Re5 Rg1+ 43. Ke2 Bc8 44. Qd6 Rg6 45. Qd4 Re6 46. f4 Rfe8 47. Nd3 Rxe5+ 48. Nxe5 Be6 49. Kd2 Bg8 50. Qf2 Rxe5 51. fxe5 Qxe5 52. Kc2 f4 53. b3 Bf7 54. bxa4 Bg6+ 55. Kb3 Qe3+ 56. Qxe3 fxe3 57. Kc3 h5 58. a5 h4 59. a6 h3 60. a7 Be4 61. Kd4 h2 62. Kxe4 h1=Q+ 63. Kxe3 Qa8 64. Kd4 Qxa7 65. Kc3 Qa3+ 66. Kd4 Qc5+ 67. Kc3 Kg7 68. a4 Kf8 69. a5 Ke7 70. a6 Qa5+ 71. Kd4 Qxa6 72. Kd5 Qa5+ 73. c5 Qxc5+ 74. Ke4 b5 75. Kd3 b4 0-1


[Site "https://www.chess.com"]